Map: Lost and Found LE

Players

HeroMarine - Winner!

  • Race: Terran Terran
  • Spawn Location: 7:00

DnS

  • Race: Protoss Protoss
  • Spawn Location: 1:00

Event: WCS Valencia 2018

VOD

Have the link to the VOD?

Description

Time

  • Played on: July 13, 2018, 6:59 a.m.
  • Length: 9:38

All games in this series

Show
View Real Time Build Order
Export as new Build Order

HeroMarine Terran - Winner!

Build Orders: MMM Bio 

Get SALT Encoding   

  12  0:01  SCV  
  13  0:13  SCV  
  14  0:18  Supply Depot  
  14  0:25  SCV  
  15  0:40  SCV  
  15  0:41  Barracks  
  16  0:46  Refinery  
  16  0:52  SCV  
  17  0:57  Refinery  
  17  1:04  SCV  
  18  1:16  SCV  
  19  1:28  Reaper  
  19  1:30  Orbital Command  
  20  1:37  Supply Depot  
  20  1:45  Factory  
  20  1:56  SCV  
  21  2:08  SCV  
  22  2:20  SCV  
  23  2:29  Factory Reactor  
  23  2:32  SCV  
  23  2:37  Command Center  
  24  2:44  SCV  
  25  2:51  Supply Depot  
  26  3:06  Cyclone  
  26  3:07  Cyclone  
  31  3:16  Command Center  
  31  3:19  SCV  
  32  3:31  SCV  
  33  3:38  Cyclone  
  33  3:39  Cyclone  
  40  3:48  SCV  
  40  3:54  Barracks Tech Lab  
  40  4:00  SCV  
  41  4:05  Orbital Command  
  41  4:10  Engineering Bay  
  41  4:12  Widow Mine x2, SCV  
  45  4:24  SCV  
  46  4:34  Stimpack, Marine  
  46  4:36  SCV  
  46  4:37  SCV  
  46  4:38  Orbital Command  
  49  4:40  Barracks  
  49  4:42  Barracks  
  49  4:48  SCV  
  49  4:49  SCV  
  50  4:54  Marine  
  50  4:55  Factory Tech Lab  
  50  4:56  Bunker  
  50  4:57  Terran Infantry Weapons Level 1  
  51  5:00  SCV  
  51  5:01  SCV  
  51  5:06  SCV  
  54  5:12  SCV, Marine  
  54  5:13  SCV  
  57  5:18  SCV  
  57  5:21  Starport  
  58  5:24  SCV  
  58  5:25  Factory Reactor, Supply Depot, SCV  
  60  5:29  Marine x2  
  60  5:30  SCV  
  64  5:36  SCV  
  64  5:37  SCV, Refinery, Marauder x2  
  64  5:38  Refinery  
  69  5:45  Missile Turret  
  69  5:46  Missile Turret  
  69  5:47  SCV  
  69  5:49  Supply Depot, SCV  
  71  5:50  SCV  
  71  5:56  Marine x2  
  75  6:07  Medivac  
  75  6:08  Barracks  
  75  6:09  Barracks  
  75  6:10  Medivac, Orbital Command  
  78  6:11  Factory Reactor  
  78  6:12  Supply Depot, Marauder  
  78  6:13  Marauder  
  78  6:14  Marine  
  78  6:16  Marine  
  84  6:18  SCV  
  85  6:29  Supply Depot  
  85  6:30  Supply Depot  
  85  6:33  SCV x2  
  85  6:34  Supply Depot, Marine x2  
  85  6:37  SCV  
  90  6:45  Combat Shields, SCV x2  
  90  6:46  Concussive Shells  
  92  6:50  SCV  
  92  6:52  Marauder x2  
  92  6:54  Widow Mine x2  
  101  6:56  Terran Infantry Armor Level 1, Missile Turret  
  101  6:57  Barracks Tech Lab, Missile Turret  
  101  6:58  Barracks Tech Lab  
  101  6:59  SCV  
  102  7:02  SCV x2  
  104  7:09  Medivac  
  104  7:10  Medivac  
  104  7:11  SCV, Marine x2  
  104  7:14  Supply Depot  
  104  7:15  Supply Depot  
  111  7:16  Refinery  
  111  7:17  Refinery  
  111  7:18  SCV x2  
  113  7:23  SCV  
  113  7:24  Widow Mine  
  113  7:27  Supply Depot  
  116  7:30  SCV  
  116  7:34  Liberator x2  
  116  7:36  Widow Mine, SCV, Marine x2, Marauder x4  
  130  7:39  Supply Depot  
  130  7:41  Supply Depot  
  130  7:42  SCV, Missile Turret  
  130  7:43  SCV  
  132  7:48  SCV  
  133  7:54  Widow Mine  
  141  8:01  Widow Mine, Marauder x3  
  141  8:04  Supply Depot  
  141  8:05  Supply Depot  
  146  8:20  Marauder  
  146  8:21  Marine x2  
  146  8:22  Marine x2  
  146  8:23  Marauder  
  152  8:29  Widow Mine x2  
  152  8:33  Armory  
  152  8:34  Engineering Bay  
  152  8:35  Medivac  
  152  8:39  Medivac, Marine x2  
  152  8:40  Marauder x2  
  162  8:42  Marauder  
  162  8:44  Marauder  
  165  8:55  Barracks  
  165  8:57  Barracks  
  165  9:02  Marauder x2  
  169  9:03  Marauder  
  169  9:05  Marauder  
  169  9:09  Marine x2  
  160  9:16  Widow Mine  
Show
View Real Time Build Order
Export as new Build Order

DnS Protoss 

Build Orders: Oracle Opening 

Get SALT Encoding   

  12  0:00  Probe  
  13  0:12  Probe  
  14  0:17  Pylon  
  14  0:24  Probe  
  15  0:32  Probe  
  15  0:37  Gateway  
  15  0:40  Probe  
  16  0:45  Assimilator  
  17  0:51  Probe  
  18  1:03  Probe  
  19  1:15  Probe  
  20  1:24  Cybernetics Core  
  20  1:25  Zealot  
  22  1:28  Probe  
  22  1:29  Assimilator, Pylon  
  23  1:47  Probe  
  24  1:52  Adept  
  26  2:02  Probe  
  27  2:12  Pylon  
  27  2:14  Probe  
  27  2:25  Stargate  
  27  2:26  Probe  
  27  2:27  Stalker  
  30  2:44  Probe  
  30  2:52  Warp Gate  
  30  2:53  Nexus  
  30  2:56  Probe  
  31  2:58  Oracle  
  31  3:08  Probe  
  31  3:12  Stalker  
  37  3:19  Pylon  
  37  3:20  Probe  
  38  3:32  Probe  
  39  3:36  Pylon  
  39  3:47  Probe  
  40  3:48  Oracle  
  40  3:59  Probe  
  40  4:02  Gateway  
  44  4:03  Gateway  
  44  4:05  Probe  
  45  4:11  Probe  
  46  4:17  Probe  
  46  4:23  Probe  
  48  4:25  Probe  
  48  4:31  Pylon  
  49  4:33  Probe  
  49  4:35  Oracle, Probe  
  51  4:42  Assimilator  
  51  4:43  Probe  
  51  4:44  Assimilator  
  51  4:47  Probe  
  53  4:56  Probe  
  53  4:57  Stalker x2  
  59  5:00  Probe  
  59  5:07  Stalker  
  59  5:08  Probe  
  59  5:12  Probe  
  63  5:20  Probe  
  64  5:24  Probe  
  64  5:27  Nexus  
  65  5:29  Pylon  
  65  5:32  Probe  
  65  5:35  Twilight Council  
  66  5:36  Blink, Forge, Probe  
  67  5:44  Probe  
  67  5:47  Sentry  
  67  5:48  Sentry x2, Probe  
  75  5:55  Protoss Ground Weapons Level 1  
  75  5:56  Probe  
  76  6:01  Probe  
  77  6:06  Gateway  
  77  6:07  Gateway  
  77  6:08  Gateway  
  77  6:10  Probe  
  78  6:13  Probe  
  78  6:17  Sentry  
  81  6:21  Gateway  
  81  6:23  Probe  
  82  6:27  Gateway  
  82  6:31  Pylon  
  82  6:32  Probe  
  83  6:35  Probe  
  83  6:39  Pylon  
  84  6:40  Probe  
  84  6:44  Robotics Facility  
  84  6:46  Probe  
  83  6:47  Probe  
  83  6:50  Sentry  
  83  6:52  Probe  
  87  6:54  Stalker  
  87  6:57  Stalker  
  87  6:58  Probe  
  87  6:59  Probe  
  93  7:05  Probe  
  93  7:06  Shield Battery  
  93  7:07  Photon Cannon  
  94  7:09  Assimilator  
  94  7:10  Probe  
  94  7:11  Assimilator  
  94  7:14  Probe  
  93  7:17  Probe  
  93  7:22  Stalker x2, Probe  
  99  7:25  Stalker  
  99  7:28  Charge  
  101  7:32  Observer  
  101  7:33  Probe x2  
  101  7:34  Pylon  
  104  7:39  Protoss Ground Armor Level 1  
  104  7:41  Stalker x3  
  110  7:44  Stalker  
  110  7:45  Stalker  
  110  7:49  Stalker  
  116  7:54  Stalker, Pylon  
  116  7:56  Stalker  
  120  8:02  Observer  
  113  8:20  Immortal  
  113  8:24  Stalker x7  
  113  8:25  Stalker  
  126  8:33  Templar Archives  
  130  8:47  Nexus  
  130  8:51  Stalker  
  132  8:56  Pylon  
  112  9:11  Stalker x6  
  114  9:24  Zealot x2  
  96  9:28  Zealot x2  
  88  9:34  Zealot  
  88  9:35  Zealot x4  
Tags
 
Add a new tag
Caveats
  • Supply blocks, unpowered buildings, or Contaminate may cause inaccurate times.
  • Supply counts are checked every 10 seconds.